 Dungeon Crawl Stone Soup version 0.20.1-1-g8b1a95d66d (webtiles) character file.

1446 Lamantho the Cleaver (level 8, -3/66 HPs)
             Began as a Hill Orc Fighter on Dec 15, 2017.
             Was a Follower of Beogh.
             Slain by an orc warrior
             ... wielding a +0 halberd
              (14 damage)
             ... on level 6 of the Dungeon.
             The game lasted 00:25:27 (5778 turns).

Lamantho the Cleaver (Hill Orc Fighter)             Turns: 5778, Time: 00:25:27

Health: -3/66      AC: 15    Str: 19    XL:     8   Next: 75%
Magic:  8/8        EV:  3    Int: 10    God:    Beogh [*.....]
Gold:   356        SH:  9    Dex: 10    Spells: 7/7 levels left

rFire    . . .     SeeInvis .   j - +3 hand axe (freeze)
rCold    . . .     Gourm    .   c - +0 shield
rNeg     + . .     Faith    +   w - +0 plate armour
rPois    .         Spirit   .   e - +1 helmet
rElec    .         Reflect  .   (no cloak)
rCorr    .         Harm     .   (no gloves)
MR       .....                  r - +0 pair of boots
Stlth    ..........             l - amulet of faith
Regen    0.3/turn               t - ring of positive energy
MPRegen  0.2/turn               (no ring)

@: no status effects
A: clever 1, weak 1
a: Renounce Religion


You were on level 6 of the Dungeon.
You worshipped Beogh.
Beogh was aware of your devotion.
You were not hungry.

You visited 1 branch of the dungeon, and saw 6 of its levels.

You collected 356 gold pieces.

Inventory:

Hand Weapons
 a - a +1 war axe
 j - a +3 hand axe of freezing (weapon)
 o - a +0 flail
Missiles
 i - 13 javelins (quivered)
Armour
 b - a +0 scale mail
 c - a +0 shield (worn)
 e - a +1 helmet (worn)
 k - a +0 chain mail
 r - a +0 pair of boots (worn)
 w - a +0 plate armour (worn)
Jewellery
 l - an amulet of faith (around neck)
 t - a ring of positive energy (left hand)
Wands
 q - a wand of polymorph (6/24)
 v - a wand of random effects (26/48)
Scrolls
 h - 7 scrolls of remove curse
 m - 6 scrolls of identify
 n - 2 scrolls of recharging
 u - a scroll of teleportation
Potions
 d - a potion of might
 s - 2 potions of magic
 x - a potion of curing {unknown}
Comestibles
 f - 2 bread rations
 g - 2 royal jellies
 p - 2 fruits


   Skills:
 - Level 3.8 Fighting
 + Level 13.1 Axes
 - Level 3.7 Armour
 - Level 0.1 Dodging
 - Level 3.3 Shields


You had 7 spell levels left.
You didn't know any spells.

Dungeon Overview and Level Annotations

Branches:
Dungeon (6/15)             Temple (0/1) D:5

Altars:
Ru

Shops:
D:4 *   D:6 (


Innate Abilities, Weirdness & Mutations

Your mind is acute. (Int +2)
You are weak. (Str -2)


Message History

Your shield and plate armour prevent you from hitting the orc warrior.
The orc warrior hits you with a halberd!
You hit the orc warrior but do no damage.
You slash the orc warrior! You freeze the orc warrior.
The orc warrior is moderately wounded.
The orc warrior hits you with a halberd!
You are too injured to fight recklessly!
You are too injured to fight recklessly!
You are too injured to fight recklessly!
You are too injured to fight recklessly!
You are too injured to fight recklessly!
You are too injured to fight recklessly!
You are too injured to fight recklessly!
The orc warrior hits you but does no damage.
Found an escape hatch in the floor.
The orc warrior hits you with a halberd!
* * * LOW HITPOINT WARNING * * *
The orc warrior hits you from afar with a halberd!
You die...
Beogh appreciates the orc warrior's killing of a heretic priest.

##........ ... #....###.
... #......## ....
#####........ .....
...........#.
.....######.............
..>.....................
##......................
.......@................
........................
.........o..............
##......................
#........).............
######....)............
##........#####...
#.....#### #... #.....#
####


You could see an orc warrior.

Vanquished Creatures
  An orc warrior (D:6)
  3 sky beasts
  2 ogres
  A big kobold (D:6)
  3 bullfrogs (D:6)
  A scorpion (D:4)
  3 hounds
  An orc priest (D:6)
  A centaur skeleton (D:4)
  3 orc wizards
  Ijyb (D:4)
  Terence (D:2)
  3 worker ants
  A hound skeleton (D:4)
  11 adders
  An ooze (D:1)
  An adder skeleton (D:6)
  2 worms (D:5)
  2 dart slugs (D:1)
  5 leopard geckos
  22 orcs
  9 bats
  A giant cockroach (D:2)
  8 goblins
  11 hobgoblins
  2 jackals (D:3)
  11 kobolds
  5 ball pythons
  7 frilled lizards
  5 rats
128 creatures vanquished.

Vanquished Creatures (others)
  An orc priest (D:4)
  An orc (D:4)
2 creatures vanquished.

Grand Total: 130 creatures vanquished

Notes
Turn   | Place    | Note
-------+----------+-------------------------------------------
     0 | D:1      | Lamantho the Hill Orc Fighter began the quest for the Orb.
     0 | D:1      | Reached XP level 1. HP: 19/19 MP: 1/1
   109 | D:1      | Reached XP level 2. HP: 26/27 MP: 2/2
   118 | D:1      | Reached skill level 3 in Axes
   413 | D:1      | Reached XP level 3. HP: 31/33 MP: 3/3
   946 | D:1      | Reached skill level 4 in Axes
  1318 | D:2      | Reached XP level 4. HP: 29/40 MP: 4/4
  1420 | D:2      | Noticed Terence
  1437 | D:2      | Killed Terence
  1437 | D:2      | Reached skill level 5 in Axes
  2092 | D:2      | Reached skill level 6 in Axes
  2092 | D:2      | Reached XP level 5. HP: 46/46 MP: 5/5
  2869 | D:4      | Noticed an ogre
  2883 | D:4      | HP: 1/46 [ogre/giant spiked club (26)]
  2886 | D:4      | Killed an ogre
  2886 | D:4      | Reached skill level 7 in Axes
  2886 | D:4      | Reached XP level 6. HP: 2/52 MP: 6/6
  3263 | D:4      | Noticed Ijyb
  3344 | D:4      | Killed Ijyb
  3344 | D:4      | Reached skill level 8 in Axes
  3430 | D:4      | Found Hyomed's Elemental Accessories.
  3509 | D:4      | Gained mutation: You are weak. (Str -2) [potion of mutation]
  3509 | D:4      | Gained mutation: Your mind is acute. (Int +2) [potion of mutation]
  3681 | D:4      | Became a worshipper of Beogh the Brigand
  3822 | D:4      | Noticed a sky beast
  3836 | D:4      | Killed a sky beast
  3836 | D:4      | Reached skill level 9 in Axes
  3836 | D:4      | Reached XP level 7. HP: 58/58 MP: 7/7
  3948 | D:5      | Entered Level 5 of the Dungeon
  4162 | D:5      | Reached skill level 10 in Axes
  4270 | D:5      | Found a sacrificial altar of Ru.
  4670 | D:5      | Found a staircase to the Ecumenical Temple.
  4853 | D:5      | Reached skill level 11 in Axes
  4853 | D:5      | Reached XP level 8. HP: 57/66 MP: 8/8
  5173 | D:6      | Reached * piety under Beogh
  5253 | D:6      | Found Melocoet's Weapon Shop.
  5270 | D:6      | Reached skill level 12 in Axes
  5765 | D:6      | Reached skill level 13 in Axes
  5778 | D:6      | Slain by an orc warrior

Skill      XL: |  1  2  3  4  5  6  7  8 |
---------------+-------------------------+-----
Axes           | 3 4 6 7 9 11 13 | 13.1
Fighting       | |  3.8
Armour         | |  3.7
Dodging        | |  0.1
Shields        | |  3.3

Action                   |  1- 3 |  4- 6 |  7- 9 || total
-------------------------+-------+-------+-------++-------
Melee: War axe           |    97 |    15 |       ||   112
       Hand axe          |       |   179 |   182 ||   361
       Unarmed           |       |     2 |       ||     2
Throw: Javelin           |       |       |     4 ||     4
Invok: Convert to Beogh  |       |     1 |       ||     1
  Use: Scroll            |     6 |     3 |     9 ||    18
       Potion            |     1 |     2 |     2 ||     5
  Eat: Chunk             |     1 |     3 |     1 ||     5
       Bread ration      |       |     2 |     1 ||     3
Armor: Scale mail        |    24 |       |       ||    24
       Chain mail        |    38 |    82 |    49 ||   169
       Plate armour      |       |       |    25 ||    25
Dodge: Dodged            |    42 |    36 |    15 ||    93
Block: Shield            |    76 |    70 |    51 ||   197
